 Dungeon Crawl Stone Soup version 0.29-a0-330-g52719c12eb (webtiles) character file.

Game seed: 8422908649524663458

115 kae the Firebug (level 4, -3/33 HPs)
             Began as a Demigod Fire Elementalist on Apr 27, 2022.
             Slain by a river rat (4 damage)
             ... on level 2 of the Dungeon.
             The game lasted 00:01:58 (2556 turns).

kae the Firebug (Demigod Fire Elementalist)         Turns: 2556, Time: 00:01:59

Health: -3/33      AC:  4    Str:  8 (9)  XL:     4   Next: 41%
Magic:  8/10       EV: 12    Int: 21      God:
Gold:   123        SH:  0    Dex: 12 (14) Spells: 2/8 levels left

rFire   . . .      SeeInvis .   d - +0 whip
rCold   . . .      Faith    .   (no shield)
rNeg    . . .      Spirit   .   a - +0 robe
rPois   .          Reflect  .   (no helmet)
rElec   .          Harm     .   j - +0 cloak
rCorr   .          Rampage  .   f - +0 pair of gloves
Will    .....                   (no boots)
Stlth   ++........              (no amulet)
HPRegen 0.11/turn               (no ring)
MPRegen 0.12/turn               (no ring)

@: no status effects
A: high MP 1, forlorn, divine attributes
a: no special abilities


You were on level 2 of the Dungeon.
You visited 1 branch of the dungeon, and saw 3 of its levels.

You collected 123 gold pieces.

Inventory:

Hand Weapons
 d - a +0 whip (weapon)
Missiles
 g - a throwing net
Armour
 a - a +0 robe (worn)
 f - a +0 pair of gloves (worn)
 j - a +0 cloak (worn)
Scrolls
 c - 4 scrolls of identify
Potions
 b - a potion of magic


   Skills:
 - Level 1.7 Dodging
 - Level 1.7 Stealth
 + Level 2.7 Spellcasting
 + Level 2.3 Conjurations
 + Level 3.7 Fire Magic


You had 2 spell levels left.
You knew the following spells:

 Your Spells              Type           Power      Damage    Failure   Level
a - Foxfire               Conj/Fire      60%        2x1d7     4%          1
b - Scorch                Fire           36%        2d7       4%          2
c - Conjure Flame         Conj/Fire      15%        6-21      12%         3

Your spell library contained the following spells:

 Spells                   Type           Power      Damage    Failure   Level
 Inner Flame              Hex/Fire       10%        N/A       19%         3
 Ignite Poison            Fire/Tmut/Pois 8%         N/A       24%         3
 Flame Wave               Conj/Fire      15%        2d6       36%         4
 Sticky Flame             Conj/Fire      15%        2d4       36%         4


Dungeon Overview and Level Annotations

Branches:
Dungeon (3/15)

Portals:
Sewer: D:3

Annotations:
D:3 Sigmund


Innate Abilities, Weirdness & Mutations

You have an increased reservoir of magic. (+10% MP)
You shall have no god before yourself.
Your divine heritage dramatically boosts your attributes as you level up.


Message History

Confirm with . or Enter, or press ? or * to list all spells.
Flames lash the river rat.
The river rat is heavily wounded.
The river rat's fire resistance burns away.
The river rat barely misses you. The river rat bites you.
* * * LOW HITPOINT WARNING * * *
Casting: Scorch (safe; 4% risk of failure)
Confirm with . or Enter, or press ? or * to list all spells.
Flames lash the river rat.
The river rat is burned terribly!
The river rat is almost dead.
The river rat bites you but does no damage.
The river rat twitches its whiskers.
The river rat barely misses you.
Casting: Scorch (safe; 4% risk of failure)
Confirm with . or Enter, or press ? or * to list all spells.
Flames lash the river rat.
The river rat is burned terribly!
You kill the river rat!
You feel your intelligence returning. The river rat closely misses you.
Casting: Scorch (safe; 4% risk of failure)
Confirm with . or Enter, or press ? or * to list all spells.
Flames lash the river rat.
The river rat is moderately wounded.
The river rat's fire resistance burns away.
The river rat bites you!
* * * LOW HITPOINT WARNING * * *
The river rat barely misses you.
Casting: Scorch (safe; 4% risk of failure)
Confirm with . or Enter, or press ? or * to list all spells.
You don't have enough magic to cast this spell.
Unknown command.
Okay, then.
Magic courses through your body. The river rat completely misses you.
Casting: Scorch (safe; 4% risk of failure)
Confirm with . or Enter, or press ? or * to list all spells.
Flames lash the river rat.
The river rat is burned terribly!
The river rat is almost dead.
The river rat bites you.
You die...

#.##.##.####.#...)...#
#.##.##........#######
#.##.#######.### #.##.#
#.# #.##.# #.# #.##.# #.##
#.##.# #..#
#.##.########.#
#.##.##<.r@...#
#.#.#.#.####### ###
#..###..######## #.. #.##
##........# #.#
##.###..######.# #.#
##.....# #.##########.#
#......######.........##.#
#............########.##.#
#..............# #.##.#


You could see a river rat (combustible).

Vanquished Creatures
  Crazy Yiuf (D:2)
  2 adders (D:2)
  A gnoll (D:2)
  A river rat (D:2)
  2 dart slugs (D:1)
  A worm (D:2)
  3 orcs
  7 ball pythons
  An endoplasm (D:2)
  3 giant cockroaches
  4 hobgoblins
  4 bats
  A frilled lizard (D:2)
  3 goblins
  5 kobolds
  6 rats
45 creatures vanquished.

Vanquished Creatures (collateral kills)
  2 foxfires (D:2)
2 creatures vanquished.

Vanquished Creatures (others)
  116 foxfires
  25 plants (D:2)
141 creatures vanquished.

Grand Total: 188 creatures vanquished

Notes
Turn   | Place    | Note
-------+----------+-------------------------------------------
     0 | D:1      | kae the Demigod Fire Elementalist began the quest for the
                  | Orb.
     0 | D:1      | Reached XP level 1. HP: 14/14 MP: 5/5
   101 | D:1      | Reached skill level 1 in Conjurations
   341 | D:1      | Reached skill level 3 in Fire Magic
   378 | D:1      | Reached XP level 2. HP: 20/20 MP: 5/7
   381 | D:1      | Learned a level 2 spell: Scorch
  1134 | D:2      | Reached XP level 3. HP: 26/26 MP: 4/8
  1138 | D:2      | Learned a level 3 spell: Conjure Flame
  1196 | D:2      | Noticed an eye of devastation
  1210 | D:2      | Noticed a shining eye
  1210 | D:2      | Noticed a floating eye
  1210 | D:2      | Noticed a shining eye
  2070 | D:2      | Found a runed translucent door.
  2071 | D:2      | Noticed Crazy Yiuf
  2098 | D:2      | Killed Crazy Yiuf
  2211 | D:2      | Reached XP level 4. HP: 26/33 MP: 5/10
  2299 | D:3      | Noticed Sigmund
  2332 | D:3      | Found a glowing drain.
  2553 | D:2      | HP: 1/33 [river rat (7)]
  2556 | D:2      | Slain by a river rat

Illustrated notes

Levels and vault maps discovered:
D:1:      lemuel_arrival_room, layout_basic, minmay_misc_feat_tiny
D:2:      layout_loops_ring, hellmonk_ecumenical_altar_watching_god,
          serial_bayou_lagoon_a, uniq_crazy_yiuf_cottage
D:3:      layout_rooms, portal_sewer_entry_c, lemuel_another_geyser,
          uniq_sigmund

Skill      XL: |  1  2  3 |
---------------+----------+-----
Conjurations   | 1 2 |  2.3
Fire Magic     | 3 |  3.7
Spellcasting   | 2 |  2.7
Dodging        | |  1.7
Stealth        | |  1.7

Action                   |  1- 3 |  4- 6 || total
-------------------------+-------+-------++-------
Melee: Whip              |       |     9 ||     9
 Cast: Foxfire           |    68 |     8 ||    76
       Scorch            |     9 |     9 ||    18
       Conjure Flame     |     1 |       ||     1
  Use: Scroll            |     1 |     3 ||     4
       Potion            |       |     2 ||     2
Armor: Robe              |     5 |    14 ||    19
Dodge: Dodged            |    11 |    31 ||    42

Table legend: (Time is in decaauts)
 A = Elapsed time spent in this place.
 B = Non-inter-level travel time spent in this place.
 C = Inter-level travel time spent in this place.
 D = Time resting spent in this place.
 E = Time spent auto-exploring this place.
 F = Levels seen in this place.
 G = Mean time per level.
                   A        B        C        D        E       F      G
               +--------+--------+--------+--------+--------+-----+--------+
         Total |   2570 |   2385 |    185 |    242 |   1774 |   3 |  856.7 |
       Dungeon |   2570 |   2385 |    185 |    242 |   1774 |   3 |  856.7 |
               +--------+--------+--------+--------+--------+-----+--------+

Top non-repeatable levels by time:
     D:2: 1437 daAuts
     D:1: 1069 daAuts
     D:3: 62 daAuts
